 Dungeon Crawl Stone Soup version 0.28-a0-1447-ga5a8893891 (webtiles) character file.

Game seed: 14432754428466964308

1093 shadowrider38 the Changer (level 8, -1/70 HPs)
             Began as a Purple Draconian Transmuter on Jan 11, 2022.
             Slain by Pikel (8 damage)
             ... on level 5 of the Dungeon.
             The game lasted 00:16:34 (10716 turns).

shadowrider38 the Changer (DrTm)                   Turns: 10716, Time: 00:16:34

Health: -1/70      AC:  2    Str: 18    XL:     8   Next: 9%
Magic:  6/11       EV: 19    Int: 16    God:
Gold:   209        SH:  0    Dex: 17    Spells: 7/11 levels left

rFire   + . .      SeeInvis .     - Unarmed
rCold   . . .      Faith    .   (shield currently unavailable)
rNeg    . . .      Spirit   .   (armour unavailable)
rPois   x          Reflect  .   (helmet currently unavailable)
rElec   .          Harm     .   (cloak currently unavailable)
rCorr   .          Rampage  .   (gloves currently unavailable)
Will    +....                   (boots currently unavailable)
Stlth   ++........              (no amulet)
HPRegen 0.21/turn               s - ring of protection from fire
MPRegen 0.12/turn               m - +6 ring of strength

@: spider-form
A: venomous fangs, (breathe power), AC +6, tiny, unfitting armour,
(cold-blooded)
a: End Transformation


You were on level 5 of the Dungeon.
You were a venomous arachnid creature.
You visited 1 branch of the dungeon, and saw 5 of its levels.
You also visited: Sewer.

You collected 209 gold pieces.

Inventory:

Missiles
 b - 63 stones
 p - 13 poisoned darts
 w - 5 javelins
Jewellery
 k - a +6 ring of dexterity
 m - a +6 ring of strength (right front leg)
 s - a ring of protection from fire (left front leg)
 x - a ring of resist corrosion
Scrolls
 d - a scroll of enchant armour {unknown}
 e - a scroll of blinking {unknown}
 f - a scroll of noise {unknown}
 h - a scroll of fog {unknown}
 i - a scroll of acquirement {unknown}
 n - a scroll of amnesia {unknown}
 q - a scroll of brand weapon {unknown}
 t - a scroll of enchant weapon {unknown}
 u - a scroll of silence {unknown}
 y - 2 scrolls of teleportation
 A - 2 scrolls of identify {unknown}
Potions
 a - a potion of heal wounds {unknown}
 c - 4 potions of degeneration {unknown}
 g - 4 potions of curing
 j - 2 potions of berserk rage {unknown}
 l - 2 potions of resistance {unknown}
 o - a potion of haste {unknown}
 r - a potion of might
 v - a potion of flight {unknown}
 z - a potion of brilliance {unknown}


   Skills:
 - Level 6.0 Fighting
 - Level 2.0 Dodging
 - Level 6.0 Unarmed Combat
 - Level 2.4 Spellcasting
 + Level 6.0 Transmutations


You had 7 spell levels left.
You knew the following spells:

 Your Spells              Type           Power      Damage    Failure   Level
a - Beastly Appendage     Tmut           42%        N/A       7%          1
b - Spider Form           Tmut/Pois      11%        N/A       36%         3

Your spell library contained the following spells:

 Spells                   Type           Power      Damage    Failure   Level
 Wereblood                Tmut           21%        N/A       10%         2
 Passwall                 Tmut/Erth      9%         N/A       22%         2
 Sandblast                Erth           2%         2d4       41%         1
 Blink                    Tloc           2%         N/A       52%         2
 Ice Form                 Ice/Tmut       11%        N/A       71%         4
 Petrify                  Tmut/Erth      11%        N/A       71%         4
 Lesser Beckoning         Tloc           1%         N/A       73%         3
 Stone Arrow              Conj/Erth      2%         3d7       73%         3
 Manifold Assault         Tloc           1%         N/A       100%        5
 Metabolic Englaciation   Hex/Ice        0%         N/A       100%        5
 Statue Form              Tmut/Erth      7%         N/A       100%        6


Dungeon Overview and Level Annotations

Branches:
Dungeon (5/15)              Sewer (visited)
 Temple: D:4-7

Altars:
Ashenzari
Hepliaklqana
Trog
Xom

Shops:
D:4 ([[   D:5 [

Annotations:
D:2 Sigmund
D:4 exclusion: ogre
D:5 Pikel


Innate Abilities, Weirdness & Mutations

You are a venomous arachnid creature.
You have poisonous fangs.
You are tiny and dextrous.
Your spellcasting is less reliable in this form.
Your armour is entirely melded.
You are incapable of wielding weapons or throwing items.
((You can breathe bolts of dispelling energy.))
((Your rich purple scales are hard. (AC +6)))
You cannot fit into any form of body armour.
((You are cold-blooded and may be slowed by cold attacks.))


Message History

You feel very sick. Pikel barely misses you.
You hit Pikel but do no damage.
Pikel is lightly wounded.
You feel sick.
Casting: Spider Form (dangerous; 17% risk of failure)
Confirm with . or Enter, or press ? or * to list all spells.
You turn into a venomous arachnid creature.
You feel sick.
Pikel hits you with a +0 whip of flaming.
* * * LOW HITPOINT WARNING * * *
Pikel burns you.
* * * LOW HITPOINT WARNING * * *
You bite Pikel!
Pikel is moderately wounded.
You feel sick.
You hear a shout!
Pikel completely misses you.
You hit Pikel.
Pikel is moderately wounded.
You feel sick.
Pikel hits you with a +0 whip of flaming!
* * * LOW HITPOINT WARNING * * *
Pikel burns you.
* * * LOW HITPOINT WARNING * * *
It was a potion of curing.
You feel better. Pikel barely misses you.
You bite Pikel!
Pikel looks as sick as possible!
Pikel is heavily wounded.
Pikel hits you with a +0 whip of flaming.
* * * LOW HITPOINT WARNING * * *
You barely miss Pikel.
Pikel is heavily wounded.
Pikel barely misses you.
You hit Pikel.
Pikel looks as sick as possible!
Pikel is severely wounded.
Pikel misses you.
You barely miss Pikel.
Pikel is severely wounded.
Pikel hits you with a +0 whip of flaming!
You die...

### #######.#
..######S......#########
$........K...555.....>.#
.5..##########K#######.#
. #s#######.#
#..[......# #.........#
#........## #.>......#
#........# ###
#........# ##.. .#
#........# ##... ..##
#++####........# #....


You could see Pikel (extremely poisoned) and 3 lemures.

Vanquished Creatures
  Grinder (D:5)
  A water moccasin (D:5)
  An ogre (D:5)
  A lemure (D:4)
  A phantom (D:4)
  A kobold brigand (Sewer)
  A wyvern zombie (D:5)
  A centaur zombie (D:5)
  An orc priest (D:4)
  3 hounds
  A bullfrog skeleton (D:5)
  A scorpion zombie (D:5)
  An iguana (D:4)
  3 orc wizards
  4 river rats (Sewer)
  7 adders
  An adder skeleton (D:4)
  2 dart slugs
  2 worms (D:2)
  4 orcs (D:3)
  4 bats
  6 endoplasms
  9 giant cockroaches
  5 goblins
  5 hobgoblins
  3 jackals (Sewer)
  16 kobolds
  6 quokkas
  10 ball pythons
  3 frilled lizards
  A quokka skeleton (D:4)
  9 rats
115 creatures vanquished.

Vanquished Creatures (others)
  A fungus (D:1)
  20 plants
21 creatures vanquished.

Grand Total: 136 creatures vanquished

Notes
Turn   | Place    | Note
-------+----------+-------------------------------------------
     0 | D:1      | shadowrider38 the Draconian Transmuter began the quest for
                  | the Orb.
     0 | D:1      | Reached XP level 1. HP: 16/16 MP: 3/3
   377 | D:1      | Reached XP level 2. HP: 21/25 MP: 3/5
  2474 | D:1      | Found a faded altar of an unknown god.
  2941 | D:2      | Reached XP level 3. HP: 31/31 MP: 4/6
  3440 | D:2      | Noticed Sigmund
  4373 | D:3      | Found a hazy altar of Hepliaklqana.
  4380 | D:3      | Found a shimmering altar of Xom.
  4387 | D:3      | Found a bloodstained altar of Trog.
  4524 | D:3      | Found a glowing drain.
  4535 | Sewer    | Entered a sewer
  4662 | Sewer    | Reached XP level 4. HP: 14/40 MP: 5/7
  5828 | Sewer    | Noticed a kobold brigand
  5839 | Sewer    | Killed a kobold brigand
  5840 | Sewer    | Reached XP level 5. HP: 22/46 MP: 6/8
  7432 | D:4      | Noticed an ogre
  7477 | D:4      | Reached XP level 6. HP: 52/52 MP: 9/9
  7558 | D:4      | Found Hixtah's Weapon Shoppe.
  7579 | D:4      | Reached skill level 5 in Transmutations
  7716 | D:4      | Found Fikyegum's Antique Armour Shoppe.
  7757 | D:4      | Found Wuogekha's Antique Armour Shop.
  7991 | D:5      | Entered Level 5 of the Dungeon
  8026 | D:5      | Found Upeon's Antique Armour Shoppe.
  8192 | D:4      | Learned a level 3 spell: Spider Form
  8541 | D:5      | Noticed Grinder
  8549 | D:5      | Your scales start taking on a rich purple colour.
  8549 | D:5      | Reached XP level 7. HP: 21/59 MP: 7/10
  8765 | D:5      | Killed Grinder
  8766 | D:5      | Reached skill level 5 in Fighting
  9059 | D:5      | Reached skill level 5 in Unarmed Combat
 10043 | D:5      | Found a broken altar of Ashenzari.
 10044 | D:5      | Noticed Pikel
 10499 | D:5      | Identified the +6 ice dragon scales of Vehumet's Hope {rF-
                  | rC++ Str+2}
 10705 | D:5      | Reached XP level 8. HP: 38/70 MP: 8/11
 10716 | D:5      | Slain by Pikel

Illustrated notes

Levels and vault maps discovered:
D:1:      dpeg_arrival_simpleton_a, layout_loops_ring,
          shapermc_ecumenical_altar_mp_ritualfount
D:2:      layout_basic, st_stairs_13, hangedman_decor_diamond_cutter,
          uniq_sigmund
D:3:      layout_loops_corners, grunt_temple_overflow_diamond,
          portal_sewer_entry_d, minmay_bisected
D:4:      layout_rooms, serial_shops, nicolae_shop_competitors_out_of_business,
          nicolae_diamond_shop, shop, shop_fountains, st_stairs_1
D:5:      layout_rooms, cheibrodos_ashenzari_chains, serial_shops, shop,
          kennysheep_generic_room_5, uniq_pikel, uniq_grinder

Skill      XL: |  1  2  3  4  5  6  7 |
---------------+----------------------+-----
Fighting       | 2 3 4 6 |  6.0
Unarmed Combat | 4 6 |  6.0
Transmutations | 3 4 6 |  6.0
Dodging        | 2 |  2.0
Spellcasting   | |  2.4

Action                   |  1- 3 |  4- 6 |  7- 9 || total
-------------------------+-------+-------+-------++-------
Melee: Unarmed           |   116 |   147 |    93 ||   356
       Kick              |    23 |    46 |    14 ||    83
       Headbutt          |    13 |    17 |     6 ||    36
       Tailslap          |     6 |    11 |     8 ||    25
       Punch             |     1 |     4 |     2 ||     7
Throw: Stone             |     1 |       |       ||     1
       Javelin           |       |     1 |       ||     1
 Cast: Beastly Appendage |    35 |    36 |    11 ||    82
       Spider Form       |       |     1 |     3 ||     4
  Use: Scroll            |       |     1 |       ||     1
       Potion            |       |       |     1 ||     1
 Stab: Sleeping          |     1 |     4 |       ||     5
Armor: Skin              |    31 |    28 |    23 ||    82
Dodge: Dodged            |    49 |    97 |    55 ||   201

Table legend: (Time is in decaauts)
 A = Elapsed time spent in this place.
 B = Non-inter-level travel time spent in this place.
 C = Inter-level travel time spent in this place.
 D = Time resting spent in this place.
 E = Time spent auto-exploring this place.
 F = Levels seen in this place.
 G = Mean time per level.
                   A        B        C        D        E       F      G
               +--------+--------+--------+--------+--------+-----+--------+
         Total |  10826 |  10425 |    401 |   5957 |   2937 |   6 | 1804.3 |
       Dungeon |   8760 |   8359 |    401 |   4644 |   2419 |   5 | 1752.0 |
         Sewer |   2066 |   2066 |      0 |   1312 |    518 |   1 | 2066.0 |
               +--------+--------+--------+--------+--------+-----+--------+

Top non-repeatable levels by time:
     D:1: 2799 daAuts
   Sewer: 2066 daAuts
     D:4: 1815 daAuts
     D:2: 1588 daAuts
     D:5: 1418 daAuts
     D:3: 1138 daAuts
